 Dungeon Crawl Stone Soup version 0.29-a0-352-g0917bc69df (webtiles) character file.

Game seed: 12171889378347153646

14073 quokkamancerX the Carver (level 12, -6/141 (153) HPs)
             Began as a Merfolk Gladiator on Apr 24, 2022.
             Was a High Priest of Okawaru.
             Killed from afar by Josephine (17 damage)
             ... with a ghostly fireball
             ... on level 11 of the Dungeon.
             The game lasted 01:23:31 (14812 turns).

quokkamancerX the Carver (Merfolk Gladiator)       Turns: 14812, Time: 01:23:32

HP:   -6/141 (153)  AC: 26    Str: 14    XL:     12   Next: 12%
MP:   12/12         EV:  2    Int:  8    God:    Okawaru [*****.]
Gold: 354           SH:  4    Dex: 20    Spells: 11/11 levels left

rFire   . . .      SeeInvis .   a - +0 long sword (vamp)
rCold   . . .      Faith    +   y - +0 buckler
rNeg    . . .      Spirit   .   (body armour currently unavailable)
rPois   +          Reflect  .   (helmet currently unavailable)
rElec   .          Harm     .   (cloak currently unavailable)
rCorr   .          Rampage  .   (gloves currently unavailable)
Will    .....      NoTele   +   (boots currently unavailable)
Stlth   ++........              f - amulet of faith
HPRegen 0.33/turn               r - +4 ring of evasion
MPRegen 0.13/turn               (no ring)

@: mighty, lethally poisoned (-6 -> -7), tree-form, slowed, drained, very slow
A: stationary, stasis, torment immunity, boosted hp, (nimble swimmer 2),
(mertail)
a: Renounce Religion, Heroism, Finesse, Duel


You were on level 11 of the Dungeon.
You worshipped Okawaru.
Okawaru was extremely pleased with you.
You were a tree.
You visited 2 branches of the dungeon, and saw 12 of its levels.

You collected 734 gold pieces.
You spent 380 gold pieces at shops.

Inventory:

Hand Weapons
 a - a +0 vampiric long sword (weapon)
Missiles
 d - 2 throwing nets
 e - 6 javelins
 j - 27 poisoned darts
 D - 7 boomerangs
 F - 6 silver javelins
Armour
 g - a +0 chain mail of poison resistance (melded)
 n - the +2 pair of gloves of the First Snow (melded) {Regen+}
   (You acquired it on level 9 of the Dungeon)

   Regen:     It increases your rate of health regeneration.
 s - a +2 pair of boots (melded)
 u - a +1 helmet of see invisible (melded)
 y - a +0 buckler (worn)
 J - a +1 cloak of preservation (melded)
Jewellery
 f - an amulet of faith (around neck)
 r - a +4 ring of evasion (left branch)
 E - a ring of see invisible
Wands
 t - a wand of polymorph (8) (quivered)
 x - a wand of flame (19)
 G - a wand of iceblast (12)
Scrolls
 c - a scroll of magic mapping
 h - 5 scrolls of immolation
 m - 6 scrolls of teleportation
 B - 2 scrolls of enchant weapon {unknown}
 I - 2 scrolls of fear
Potions
 b - 4 potions of attraction
 i - 3 potions of brilliance
 k - 2 potions of ambrosia
 l - a potion of lignification
 o - 3 potions of flight
 q - 6 potions of curing
 v - 2 potions of invisibility
 w - a potion of cancellation
 z - 3 potions of mutation
 A - 2 potions of haste
 C - a potion of resistance
 H - a potion of magic


   Skills:
 - Level 12.0 Fighting
 - Level 14.0 Long Blades
 - Level 2.0 Throwing
 + Level 6.8 Armour
 - Level 10.0 Dodging


You had 11 spell levels left.
You didn't know any spells.
Your spell library contained the following spells:

 Spells                   Type           Power      Damage    Failure   Level
 Beastly Appendage        Tmut           0%         N/A       52%         1
 Magic Dart               Conj           0%         1d3       52%         1
 Shock                    Conj/Air       0%         1d3       52%         1
 Ensorcelled Hibernation  Hex/Ice        0%         N/A       65%         2
 Searing Ray              Conj           0%         2d4       65%         2
 Static Discharge         Conj/Air       0%         N/A       65%         2
 Wereblood                Tmut           0%         N/A       65%         2
 Spider Form              Tmut/Pois      0%         N/A       87%         3
 Swiftness                Air            0%         N/A       87%         3
 Airstrike                Air            0%         N/A       99%         4
 Anguish                  Hex/Necr       0%         N/A       99%         4
 Dispel Undead            Necr           0%         3d6       99%         4
 Fulminant Prism          Conj/Hex       0%         3d6       99%         4
 Sticky Flame             Conj/Fire      0%         2d3       99%         4
 Starburst                Conj/Fire      0%         6d3       100%        6
 Fire Storm               Conj/Fire      0%         5d1       100%        9
 Summon Mana Viper        Hex/Summ       Unusable   N/A       N/A         5

Dungeon Overview and Level Annotations

Branches:
Dungeon (11/15)            Temple (1/1) D:5
   Lair: D:8-11         Orc: D:9-12

Altars:
Ashenzari
Cheibriados
Dithmenos
Elyvilon
Fedhas
Gozag
Hepliaklqana
Kikubaaqudgha
Makhleb
Nemelex Xobeh
Okawaru
Qazlal
Ru
Sif Muna
Trog
Uskayaw
Vehumet
Wu Jian
Xom
Yredelemnul
Zin
The Shining One

Shops:
D:1 ?   D:7 ?   D:8 :   D:9 [[:=

Annotations:
D:10 3 runed translucent doors, spaghetti's ghost, novice DsVM
D:11 Josephine


Innate Abilities, Weirdness & Mutations

You are a tree.
Your roots penetrate the ground, keeping you stationary.
You cannot be teleported.
You are immune to unholy pain and torment.
Your maximum health is greatly increased.
Your equipment is partially melded.
((You are very nimble when in or above water. (Stealth+, EV+, Speed+++)))
((Your lower body shifts to a powerful aquatic tail in water.))


Message History

Really quaff the potion of lignification?
You turn into a tree.
Your +1 cloak of preservation melds into your body.
Your +1 helmet of see invisible melds into your body.
The +2 pair of gloves of the First Snow {Regen+} melds into your body.
Your +2 pair of boots melds into your body.
Your +0 chain mail of poison resistance melds into your body.
You feel less perceptive.
You no longer feel resistant to poison.
Your roots penetrate the ground.
You feel very sick. The wraith hits you but does no damage.
You block the wraith's attack. Josephine hits you but does no damage.
The wraith hits you but does no damage.
You barely miss Josephine.
Josephine is lightly wounded.
You feel sick.
The wraith hits you but does no damage. x2
Josephine hits you but does no damage. The wraith hits you but does no damage.
You slice Josephine!!
Josephine is heavily wounded.
You feel sick.
The wraith hits you but does no damage. x2
Josephine hits you but does no damage. The wraith hits you.
* * * LOW HITPOINT WARNING * * *
You slice Josephine!!
Josephine is severely wounded.
You feel sick.
The wraith hits you but does no damage. x2
Josephine casts a spell at you.
The ghostly flame explodes!
The ghostly fireball engulfs you but does no damage.
The ghostly fireball engulfs the wraith.
The wraith completely resists.
The ghostly fireball engulfs the wraith.
The wraith completely resists.
The ghostly fireball engulfs Josephine.
Josephine completely resists.
The ghostly fireball engulfs the wraith.
The wraith completely resists.
You block the wraith's attack.
You hit Josephine.
Josephine is severely wounded.
You feel sick.
The wraith hits you but does no damage. x2
Josephine casts a spell at you.
The ghostly flame explodes!
The ghostly fireball engulfs you!
You feel drained.
You die...

########
######.......
#....W..#
#W####♣W# #.#
##@W# #W#
#WW.# #.#
#.#.# #.#
#.#.# .
#.###.#.## ..
# #........#
...#
#............+
.'
#.####....####
..... #


You could see Josephine and 5 wraiths.

Vanquished Creatures
  The ghost of jimonade the Thaumaturge, a journeyman DjFE of Makhleb (D:9)
  3 two-headed ogres
  A deep elf pyromancer (D:9)
  An ugly thing (D:8)
  2 cyclopes (D:8)
  A kobold demonologist (D:10)
  A gargoyle (D:8)
  An unseen horror (D:8)
  A komodo dragon (D:9)
  6 trolls
  A hornet (D:8)
  Sigmund (D:5)
  A shadow (D:6)
  A wyvern (D:8)
  10 yaks
  2 steam dragons
  2 vampire mosquitoes (D:11)
  2 water moccasins
  5 acid dragons
  3 orc warriors
  3 sky beasts
  7 centaurs
  A phantom (D:6)
  3 kobold brigands
  4 bullfrogs
  2 necrophages
  2 gnoll sergeants
  2 scorpions
  11 wights
  13 killer bees
  6 howler monkeys
  An electric eel (D:9)
  Crazy Yiuf (D:7)
  A hound (D:7)
  4 jellies
  6 orc priests
  5 iguanas
  13 orc wizards
  6 gnolls
  5 adders
  3 shadow imps
  2 white imps
  2 ufetubi (D:4)
  3 worms
  2 dart slugs
  32 orcs
  6 bats
  10 endoplasms
  6 giant cockroaches
  10 goblins
  5 hobgoblins
  15 kobolds
  4 quokkas
  11 ball pythons
  5 frilled lizards
  9 rats
267 creatures vanquished.

Vanquished Creatures (others)
  3 plants (D:1)
  5 withered plants (D:1)
8 creatures vanquished.

Grand Total: 275 creatures vanquished

Notes
Turn   | Place    | Note
-------+----------+-------------------------------------------
     0 | D:1      | quokkamancerX the Merfolk Gladiator began the quest for the
                  | Orb.
     0 | D:1      | Reached XP level 1. HP: 16/16 MP: 1/1
   135 | D:1      | Reached skill level 4 in Long Blades
   229 | D:1      | Found a faded altar of an unknown god.
   332 | D:1      | Reached XP level 2. HP: 22/22 MP: 2/2
  1184 | D:1      | Found Buquukk's Magic Scroll Shoppe.
  1193 | D:1      | Reached XP level 3. HP: 25/27 MP: 3/3
  1197 | D:1      | Reached skill level 5 in Long Blades
  1274 | D:1      | Bought a scroll of teleportation for 36 gold pieces
  1783 | D:2      | Got the Guide on the Oath and Confrontation
  1874 | D:2      | Reached XP level 4. HP: 33/33 MP: 4/4
  1899 | D:2      | Reached skill level 6 in Long Blades
  3123 | D:3      | Reached XP level 5. HP: 38/38 MP: 5/5
  3301 | D:4      | Reached skill level 7 in Long Blades
  3454 | D:4      | Noticed a steam dragon
  3670 | D:4      | Noticed an orc warrior
  4482 | D:5      | Entered Level 5 of the Dungeon
  4784 | D:5      | Found a staircase to the Ecumenical Temple.
  4811 | Temple   | Entered the Ecumenical Temple
  5210 | Temple   | Became a worshipper of Warmaster Okawaru
  5263 | D:5      | Reached skill level 8 in Long Blades
  5263 | D:5      | Reached XP level 6. HP: 44/44 MP: 6/6
  5474 | D:5      | Reached * piety under Okawaru
  5479 | D:5      | Reached skill level 9 in Long Blades
  5736 | D:5      | Noticed Sigmund
  5759 | D:5      | Killed Sigmund
  5760 | D:5      | Reached XP level 7. HP: 43/50 MP: 7/7
  5875 | D:5      | Reached skill level 10 in Long Blades
  6055 | D:5      | Reached ** piety under Okawaru
  6364 | D:4      | Reached skill level 11 in Long Blades
  6516 | D:4      | Reached XP level 8. HP: 56/56 MP: 8/8
  6793 | D:4      | Found a hazy altar of Hepliaklqana.
  7086 | D:6      | Identified the +3 flail "Myirhu Gugg" {venom, *Slow rPois
                  | rF+ Int+3}
  7359 | D:6      | Reached skill level 12 in Long Blades
  7539 | D:6      | Noticed a shadow
  7551 | D:6      | Killed a shadow
  7551 | D:6      | Reached *** piety under Okawaru
  7552 | D:6      | Reached skill level 13 in Long Blades
  8017 | D:6      | Reached XP level 9. HP: 55/61 MP: 9/9
  8354 | D:1      | Bought a scroll of fear for 42 gold pieces
  8490 | D:7      | Noticed a troll
  8506 | D:7      | Killed a troll
  8507 | D:7      | Reached skill level 14 in Long Blades
  8541 | D:7      | Identified the +3 scale mail of Grace {Harm rN+ Str+3}
  8612 | D:7      | Found Wuoxytekk's Magic Scroll Shoppe.
  8660 | D:7      | Reached skill level 5 in Fighting
  8928 | D:7      | Bought a scroll of teleportation for 33 gold pieces
  8928 | D:7      | Bought a scroll of magic mapping for 38 gold pieces
  8974 | D:7      | Reached **** piety under Okawaru
  9234 | D:7      | Found a runed translucent door.
  9235 | D:7      | Noticed Crazy Yiuf
  9241 | D:7      | Killed Crazy Yiuf
  9496 | D:8      | Found Xurhor's Book Emporium.
  9755 | D:8      | Noticed a gargoyle
  9767 | D:8      | Killed a gargoyle
  9783 | D:8      | Reached XP level 10. HP: 60/82 MP: 10/10
 10106 | D:8      | Reached ***** piety under Okawaru
 10128 | D:8      | Noticed a cyclops
 10128 | D:8      | Noticed a purple ugly thing
 10172 | D:8      | Killed a cyclops
 10173 | D:8      | Reached skill level 10 in Fighting
 10265 | D:8      | Killed a purple ugly thing
 10361 | D:8      | Noticed a cyclops
 10417 | D:8      | Killed a cyclops
 10417 | D:8      | Received a gift from Okawaru
 10453 | D:8      | Noticed an unseen horror
 10780 | D:8      | Killed an unseen horror
 10843 | D:8      | Reached skill level 1 in Armour
 10906 | D:8      | Noticed a two-headed ogre
 10920 | D:8      | Killed a two-headed ogre
 10921 | D:8      | Reached skill level 5 in Dodging
 10921 | D:8      | Reached XP level 11. HP: 95/95 MP: 3/11
 11930 | D:9      | Noticed a deep elf pyromancer
 11949 | D:9      | Received a gift from Okawaru
 11965 | D:9      | Killed a deep elf pyromancer
 12326 | D:9      | Identified a scroll of acquirement
 12326 | D:9      | Acquired the +2 pair of gloves of the First Snow {Regen+}
 12348 | D:9      | Noticed Harold
 12353 | D:9      | Noticed Harold
 12353 | D:9      | Harold changed into Harold the komodo dragon
 12362 | D:9      | Killed Harold the komodo dragon
 12362 | D:9      | Identified the +1 scale mail of Marbles {Drain Regen+
                  | Str+4} (Okawaru gifted it to you on level 9 of the Dungeon)
 12362 | D:9      | Received a gift from Okawaru
 12389 | D:9      | Found Itehodorgh's Armour Shop.
 12391 | D:9      | Found Zyihas's Antique Armour Emporium.
 12391 | D:9      | Found Doxtik's Book Shoppe.
 12459 | D:9      | Found Qejo's Jewellery Emporium.
 12543 | D:9      | Bought a +1 helmet of see invisible for 231 gold pieces
 12719 | D:9      | Noticed a two-headed ogre
 12751 | D:9      | Killed a two-headed ogre
 13149 | D:9      | Found a runed translucent gate.
 13149 | D:9      | Found a runed translucent gate.
 13149 | D:9      | Found a runed translucent gate.
 13149 | D:9      | Noticed jimonade's ghost (journeyman DjFE)
 13178 | D:9      | Killed jimonade's ghost
 13179 | D:9      | Reached skill level 5 in Armour
 13368 | D:10     | Entered Level 10 of the Dungeon
 13394 | D:10     | Noticed spaghetti's ghost (novice DsVM)
 13403 | D:10     | Noticed a two-headed ogre
 13414 | D:10     | Noticed a death drake
 13414 | D:10     | a tarantella changed into a death drake
 13672 | D:10     | Reached skill level 10 in Dodging
 13729 | D:10     | Found a runed translucent gate.
 13729 | D:10     | Found a runed translucent gate.
 13751 | D:10     | Noticed a two-headed ogre
 13753 | D:10     | Found a runed translucent gate.
 14123 | D:10     | Noticed a boulder beetle
 14278 | D:11     | Reached XP level 12. HP: 102/102 MP: 12/12
 14324 | D:11     | Noticed a two-headed ogre
 14345 | D:11     | Killed a two-headed ogre
 14755 | D:11     | Noticed a five-headed hydra
 14789 | D:11     | Noticed Josephine
 14812 | D:11     | Killed from afar by Josephine

Illustrated notes

Levels and vault maps discovered:
D:1:      ebering_hopf_link, layout_basic, serial_glass, glass_columns_b,
          glass_columns_a, glass_columns_c, glass_columns_c, glass_columns_a,
          glass_columns_b, glass_columns_a, glass_columns_a, serial_shops, shop,
          shapermc_ecumenical_altar_flowoftime
D:2:      layout_rooms, serial_corexii_hall, chequers_hall_statues_wall_a,
          corexii_hall_statues_l
D:3:      layout_basic, grunt_ministairs_2, solitary_fountain
D:4:      layout_cave_pools, kennysheep_little_box, serial_glass,
          glass_columns_a, glass_columns_c, glass_columns_c, glass_columns_b,
          minmay_ruptured
D:5:      layout_basic, minmay_temple_entry_wispy, uniq_sigmund
D:6:      layout_cave_pools
D:7:      layout_rooms, serial_shops, nicolae_stop_n_shop_1,
          uniq_crazy_yiuf_cottage
D:8:      hangedman_cross_veins, layout_basic, serial_shops,
          nicolae_stop_n_shop_2
D:9:      layout_loops_ring, ebering_ghost_rock_garden, kennysheep_nub,
          nicolae_wooded_promenade, hangedman_decor_push,
          lightli_fourway_metalbox, uniq_harold
D:10:     layout_roguey, gammafunk_ghost_split
D:11:     layout_loops_corners, david_lair_shrubbed, orc_0_dummy, uniq_josephine
Temple:   mainiacjoe_temple_trianglar_array

Skill      XL: |  1  2  3  4  5  6  7  8  9 10 11 |
---------------+----------------------------------+-----
Long Blades    | 4 5 6 8 9 11 13 14 | 14.0
Fighting       | 8 12 | 12.0
Armour         | 2 6 |  6.8
Dodging        | 5 10 | 10.0
Throwing       | |  2.0

Action                   |  1- 3 |  4- 6 |  7- 9 | 10-12 || total
-------------------------+-------+-------+-------+-------++-------
Melee: Long sword        |   155 |   219 |   343 |   584 ||  1301
       Punch             |     2 |     1 |     6 |    20 ||    29
Throw: Throwing net      |       |       |     2 |     1 ||     3
       Dart              |       |       |       |     9 ||     9
       Javelin           |       |       |       |     2 ||     2
Invok: Heroism           |       |       |    14 |    21 ||    35
       Finesse           |       |       |       |     2 ||     2
Evoke: Wand              |       |       |       |    12 ||    12
  Use: Scroll            |       |    11 |     5 |    10 ||    26
       Potion            |       |     1 |       |     3 ||     4
 Stab: Held in net/web   |       |       |     1 |       ||     1
Armor: Leather armour    |     6 |       |       |       ||     6
       Chain mail        |    73 |    96 |    96 |   268 ||   533
       Skin              |       |       |       |    15 ||    15
Dodge: Dodged            |    54 |   117 |   139 |   376 ||   686
Block: Buckler           |       |       |       |    18 ||    18

Table legend: (Time is in decaauts)
 A = Elapsed time spent in this place.
 B = Non-inter-level travel time spent in this place.
 C = Inter-level travel time spent in this place.
 D = Time resting spent in this place.
 E = Time spent auto-exploring this place.
 F = Levels seen in this place.
 G = Mean time per level.
                   A        B        C        D        E       F      G
               +--------+--------+--------+--------+--------+-----+--------+
         Total |  14586 |  13851 |    735 |   4264 |   2481 |  12 | 1215.5 |
       Dungeon |  14165 |  13438 |    727 |   4264 |   2099 |  11 | 1287.7 |
        Temple |    420 |    412 |      8 |      0 |    382 |   1 |  420.0 |
               +--------+--------+--------+--------+--------+-----+--------+

Top non-repeatable levels by time:
     D:8: 1925 daAuts
     D:9: 1600 daAuts
     D:5: 1577 daAuts
     D:3: 1529 daAuts
     D:1: 1498 daAuts
     D:4: 1233 daAuts
     D:6: 1231 daAuts
     D:2: 1159 daAuts
     D:7: 1027 daAuts
    D:10: 752 daAuts
    D:11: 630 daAuts
  Temple: 420 daAuts
